AoeStats
← BigBlob

Arena

503867571Analyzed
3v3 RM · 28d ago on Sep 2, 2026· 50m 33s· 6 players
Game mode
Random Map
Map size
Normal (6 player)
Population
200
Speed
Normal
Resources
Standard
Victory
Conquest
Starting age
Dark Age
Ending age
Imperial Age
RankedLock teamsTeams togetherTeam positionsShared explorationLock speedFull tech treeHidden civsTurbo modeCheats
Victory
Defeat
🇩🇪 Tatars · Germany
1241
+13
🇮🇹 Huns · Italy
1225
+14
🇳🇱 Romans · Netherlands
1194
+15
🇨🇳 Mongols · China
1213
-16
🇹🇼 Franks · Taiwan
1197
-15
🇨🇿 Vietnamese · Czechia
1134
-12
LeL.FancyPants
8:27 Loom
10:13 Feudal Age
15:11 Castle Age
13:19 Double-Bit Axe
13:17 Horse Collar
24:53 Bow Saw
25:02 Heavy Plow
25:45 Forging
25:37 Scale Mail Armor
25:39 Gold Mining
26:29 Wheelbarrow
25:41 Town Watch
30:03 Imperial Age
27:53 Chain Mail Armor
27:40 Squires
28:24 Gold Shaft Mining
27:44 Man-at-Arms
29:17 Iron Casting
28:35 Long Swordsman
29:41 Hand Cart
29:28 Town Patrol
31:47 Comitatenses
31:49 Conscription
30:56 Legionary
32:45 Blast Furnace
50:14 Crop Rotation
BigBlob
10:23 Feudal Age
14:37 Castle Age
12:32 Double-Bit Axe
13:10 Loom
14:27 Horse Collar
16:46 Wheelbarrow
16:36 Scale Barding Armor
16:42 Forging
26:14 Chain Barding Armor
31:54 Imperial Age
29:18 Gold Mining
32:06 Iron Casting
32:05 Heavy Plow
32:23 Bow Saw
31:51 Pikeman
32:09 Pikeman
39:52 Heavy Plow
40:36 Husbandry
40:46 Bloodlines
39:57 Heavy Camel Rider
41:13 Plate Barding Armor
44:34 Hand Cart
44:17 Elite Skirmisher
45:05 Padded Archer Armor
44:55 Fletching
45:42 Stone Mining
47:58 Leather Archer Armor
47:39 Bodkin Arrow
48:53 Bodkin Arrow
49:59 Ring Archer Armor
50:44 Bracer
bindella
10:32 Feudal Age
14:19 Castle Age
12:23 Horse Collar
13:05 Double-Bit Axe
15:30 Bow Saw
23:15 Wheelbarrow
23:43 Gold Mining
24:05 Stone Mining
28:23 Imperial Age
26:44 Gold Shaft Mining
26:31 Scale Barding Armor
26:37 Forging
26:39 Husbandry
26:50 Bloodlines
27:12 Heavy Plow
27:53 Chain Barding Armor
28:01 Hand Cart
27:32 Loom
27:33 Town Watch
28:58 Iron Casting
29:26 Conscription
28:32 Cavalier
30:15 Plate Barding Armor
31:24 Two-Man Saw
31:52 Blast Furnace
31:02 Paladin
33:16 Fletching
34:51 Bodkin Arrow
36:09 Bracer
36:10 Padded Archer Armor
37:27 Chemistry
36:47 Ballistics
40:09 Murder Holes
40:25 Masonry
42:48 Leather Archer Armor
43:33 Parthian Tactics
43:14 Thumb Ring
43:01 Heavy Cavalry Archer
Ondai
10:36 Feudal Age
15:27 Castle Age
13:59 Double-Bit Axe
14:01 Horse Collar
17:00 Bow Saw
22:03 Fletching
22:13 Padded Archer Armor
21:36 Crossbowman
24:45 Squires
27:33 Bodkin Arrow
32:48 Ballistics
32:22 Gold Mining
33:18 Thumb Ring
34:09 Wheelbarrow
33:28 Stone Mining
38:07 Imperial Age
38:28 Heavy Plow
40:26 Paper Money
44:28 Two-Man Saw
43:22 Arbalester
46:46 Chemistry
47:40 Leather Archer Armor
47:25 Bracer
48:41 Hand Cart
48:14 Town Watch
洗勒烤喔
6:57 Loom
10:07 Feudal Age
15:01 Castle Age
13:45 Double-Bit Axe
29:23 Wheelbarrow
28:45 Town Watch
32:04 Imperial Age
30:15 Scale Barding Armor
30:46 Forging
30:46 Fletching
31:28 Bow Saw
32:03 Hand Cart
31:49 Gold Mining
32:54 Iron Casting
32:39 Chain Barding Armor
32:53 Husbandry
32:33 Cavalier
35:35 Conscription
37:17 Paladin
39:14 Plate Barding Armor
39:40 Blast Furnace
41:02 Gold Shaft Mining
40:56 Chivalry
42:51 Town Patrol
43:55 Chemistry
45:32 Light Cavalry
pickmyself or end
10:41 Feudal Age
11:58 Double-Bit Axe
11:58 Horse Collar
14:55 Castle Age
15:51 Bow Saw
15:43 Heavy Plow
17:24 Wheelbarrow
17:38 Fervor
22:38 Loom
23:21 Hand Cart
28:27 Imperial Age
25:47 Town Watch
27:05 Stone Mining
27:08 Gold Mining
27:32 Fletching
27:42 Padded Archer Armor
28:32 Stone Shaft Mining
28:23 Bodkin Arrow
28:46 Masonry
29:16 Gold Shaft Mining
28:35 Onager
29:32 Leather Archer Armor
30:03 Conscription
30:13 Siege Onager
30:30 Pikeman
31:18 Bracer
31:48 Bloodlines
31:01 Light Cavalry
31:46 Husbandry
31:59 Forging
31:55 Scale Barding Armor
32:14 Ballistics
32:22 Drill
32:42 Elite Mangudai
33:55 Chain Barding Armor
34:11 Iron Casting
33:47 Thumb Ring
34:29 Murder Holes
35:35 Chemistry
35:55 Siege Engineers
36:02 Fortified Wall
39:04 Hoardings
40:55 Blast Furnace
Connection lost

Rejoining the realm…

Still unreachable

The connection could not be restored.

Session expired

The server has moved on; the page needs a fresh start.